 Dungeon Crawl Stone Soup version 0.27-a0-492-ga4bb394fd4 (webtiles) character file.

Game seed: 16128089000113703275

67 Gaff the Sneak (level 4, -1/27 HPs)
             Began as a Kobold Brigand on Mar 2, 2021.
             Slain by a worm (9 damage)
             ... on level 2 of the Dungeon.
             The game lasted 00:02:26 (1572 turns).

Gaff the Sneak (Kobold Brigand)                     Turns: 1572, Time: 00:02:27

Health: -1/27      AC:  4    Str:  8    XL:     4   Next: 40%
Magic:  4/4        EV: 15    Int: 12    God:
Gold:   77         SH:  0    Dex: 17    Spells: 3/3 levels left

rFire    . . .     SeeInvis .   a - +2 dagger
rCold    . . .     Faith    .   (shield restricted)
rNeg     . . .     Spirit   .   b - +0 robe
rPois    .         Reflect  .   l - +0 helmet
rElec    .         Harm     .   c - +0 cloak
rCorr    .         Rampage  .   (no gloves)
Will     +....                  (no boots)
Stlth    +++++.....             (no amulet)
HPRegen  0.09/turn              h - ring of willpower
MPRegen  0.09/turn              (no ring)

@: no status effects
A: small, nightstalker 3
a: no special abilities


You were on level 2 of the Dungeon.
You visited 1 branch of the dungeon, and saw 2 of its levels.

You collected 77 gold pieces.

Inventory:

Hand Weapons
 a - a +2 dagger (weapon)
Missiles
 d - 18 poisoned darts (quivered)
 e - 2 curare-tipped darts
Armour
 b - a +0 robe (worn)
 c - a +0 cloak (worn)
 l - a +0 helmet (worn)
Jewellery
 h - a ring of willpower (left hand)
Scrolls
 j - a scroll of identify {unknown}
 k - a scroll of noise {unknown}
Potions
 f - a potion of might {unknown}
 g - a potion of degeneration {unknown}
 i - a potion of lignification {unknown}


   Skills:
 + Level 2.3 Fighting
 + Level 3.4 Short Blades
 + Level 2.2 Throwing
 * Level 1.9 Dodging
 + Level 7.0 Stealth


You had 3 spell levels left.
You didn't know any spells.
Your spell library was empty.

Dungeon Overview and Level Annotations

Branches:
Dungeon (2/15)

Altars:


Innate Abilities, Weirdness & Mutations

You are small and have problems with some larger weapons.
You are completely attuned to the shadows.


Message History

The helpless worm fails to defend itself.
You perforate the worm like a sieve!!!
You kill the worm!
Jessica the Apprentice Sorceress comes into view.
Found a scroll labelled OPHUYPT BOLEANG.
The helpless Jessica fails to defend herself.
You stick Jessica like a pincushion!!!
You kill Jessica!
Your Stealth skill increases to level 7!
You have reached level 4!
A kobold comes into view. It is wielding a +0 dagger.
Found a hunting sling.
Things that are here:
a +0 robe; a purple potion
Things that are here:
a +0 robe; a purple potion You catch the helpless kobold completely off-guard!
You impale the kobold!!
You kill the kobold!
A worm comes into view.
Things that are here:
a +0 robe; a purple potion You barely miss the worm.
The worm bites you!
You hit the worm.
The worm is lightly wounded.
You hit the worm.
The worm is moderately wounded.
The worm misses you.
You hit the worm.
The worm is moderately wounded.
You hit the worm.
The worm is heavily wounded.
The worm bites you!
* * * LOW HITPOINT WARNING * * *
You barely miss the worm.
The worm is moderately wounded.
You barely miss the worm.
The worm is moderately wounded.
The worm bites you!
You die...

###..####
.........
.........
...?w....
....@# .#
###..####.#
...).[.....
###..#.....
...........
............
............
............
#..........


You could see a worm.

Vanquished Creatures
  Jessica (D:2)
  A worm (D:2)
  2 leopard geckos (D:1)
  5 giant cockroaches (D:1)
  4 goblins (D:1)
  6 hobgoblins (D:1)
  3 kobolds
  4 bats (D:1)
  2 frilled lizards (D:1)
  7 rats (D:1)
35 creatures vanquished.

Notes
Turn   | Place    | Note
-------+----------+-------------------------------------------
     0 | D:1      | Gaff the Kobold Brigand began the quest for the Orb.
     0 | D:1      | Reached XP level 1. HP: 12/12 MP: 1/1
   346 | D:1      | Reached XP level 2. HP: 17/17 MP: 2/2
   430 | D:1      | Reached skill level 6 in Stealth
   800 | D:1      | Reached XP level 3. HP: 21/21 MP: 3/3
  1553 | D:2      | Noticed Jessica
  1557 | D:2      | Killed Jessica
  1558 | D:2      | Reached skill level 7 in Stealth
  1558 | D:2      | Reached XP level 4. HP: 27/27 MP: 4/4
  1572 | D:2      | Slain by a worm

Illustrated notes

Levels and vault maps discovered:
D:1:      dpeg_arrival_three_smaller_balls, layout_loops_corners, minivault_25,
          minmay_splitting_lines, minmay_tromino_v2
D:2:      layout_basic, grunt_ministairs_15, uniq_jessica

Skill      XL: |  1  2  3 |
---------------+----------+-----
Short Blades   | 3 |  3.4
Stealth        | 6 7 |  7.0
Fighting       | |  2.3
Throwing       | |  2.2
Dodging        | |  1.9

Action                   |  1- 3 |  4- 6 || total
-------------------------+-------+-------++-------
Melee: Dagger            |    89 |     8 ||    97
 Stab: Sleeping          |    17 |       ||    17
       Distracted        |       |     1 ||     1
Armor: Robe              |    12 |       ||    12
Dodge: Dodged            |    45 |     1 ||    46

Table legend: (Time is in decaauts)
 A = Elapsed time spent in this place.
 B = Non-inter-level travel time spent in this place.
 C = Inter-level travel time spent in this place.
 D = Time resting spent in this place.
 E = Time spent auto-exploring this place.
 F = Levels seen in this place.
 G = Mean time per level.
                   A        B        C        D        E       F      G
               +--------+--------+--------+--------+--------+-----+--------+
         Total |   1557 |   1542 |     15 |    347 |    956 |   2 |  778.5 |
       Dungeon |   1557 |   1542 |     15 |    347 |    956 |   2 |  778.5 |
               +--------+--------+--------+--------+--------+-----+--------+

Top non-repeatable levels by time:
     D:1: 1535 daAuts
     D:2: 22 daAuts
